[Event "6e festival d'échecs d'Allauch"]
[Site "Allauch, France"]
[Date "2024.08.28"]
[Round "4.3"]
[White "Philippe, Guillaume"]
[Black "Charlier, Antoine"]
[Result "1-0"]
[TimeControl "1 h 30 min (+30s/coup)"]
[WhiteElo "2356"]
[BlackElo "2070"]

1. f4 d5 2. Nf3 Nf6 3. g3 c5 4. Bg2 Nc6 5. O-O Bf5 6. d3 h6 7. Nc3 e6 8. Ne5 Be7 9. e4 Bh7 10.
exd5 exd5 11. Ng4 d4 12. Nxf6+ Bxf6 13. Nd5 O-O 14. Bd2 Qd6 15. f5 Rae8 16. Qh5 Nb4 17. Nxb4 cxb4 18. Bxb7 Re7 19.
Bf3 Rc8 20. Bd1 Qc5 21. a3 bxa3 22. Rxa3 Rb8 23. Ra5 Qc7 24. b3 Rbe8 25. Ra6 Bg5 26. Bxg5 hxg5 27. Qxg5 Re1 28. f6 Bg6 29. Qa5 Rxf1+ 30. Kxf1 Qd7 31.
Rxa7 Qh3+ 32. Kg1 Re3 33. Qd2 Qe6 34. Ra8+ Kh7 35. fxg7 Kxg7 36. Ra4 Qe5 37. Bg4 Qg5 38. Qd1 Qe5 39.
Kf2 Qf6+ 40. Kg2 Qe5 41. Bf3 Bf5 42. Bg4 Bg6 43. Ra1 Qd6 44. Bf3 Qe5 45. Qd2 Qf6 46. Rf1 Qg5 47. Rf2 Bh5 48.
Ba8 Qe5 49. Be4 Qg5 50. Qb4 Qe5 51. Qb7 Re1 52. Qd5 Qxd5 53. Bxd5 Rc1 54. h3 f5 55. b4 Be8 56. Rxf5 Rxc2+ 57. Kf3 Rb2 58. Re5 Bb5 59. Be4 Rxb4 60. Rd5 Be8 61. Kf4 Bf7 62. Rd6 Kf8 63. Ke5 Ke7 64. Rxd4 Rb1 65. Ra4 Be6 66.
Ra7+ Bd7 67. Bc6 1-0

[Event "6e festival d'échecs d'Allauch"]
[Site "Allauch, France"]
[Date "2024.08.28"]
[Round "4.4"]
[White "Charvein, Gabriel"]
[Black "Petrosyan, Armen"]
[Result "1/2-1/2"]
[TimeControl "1 h 30 min (+30s/coup)"]
[WhiteElo "2011"]
[BlackElo "2344"]

1. e4 e5 2. Nf3 Nc6 3. d4 exd4 4. Nxd4 Nf6 5. Nxc6 bxc6 6. e5 Qe7 7. Qe2 Nd5 8. h4 Qe6 9. g3 f6 10.
c4 Bb4+ 11. Nd2 Nb6 12. exf6 gxf6 13. Qxe6+ dxe6 14. Bg2 Bb7 15. O-O Bxd2 16. Bxd2 Nxc4 17. Bc3 Kf7 18. Rac1 Nb6 19. Bd4 Rhd8 20.
Bxb6 cxb6 21. Bxc6 Bxc6 22. Rxc6 Rac8 23. Rfc1 Rxc6 24. Rc4 Rc5 25. Rxc5 Rd7 26. Rc6 e5 27. Kf1
h5 28. Ke2 Kg6 29. Rc8 Kf5 30. Rh8 Rc7 31. Kd2 Kg4 32. Rf8 Rc6 33. Ke3 Kf5 34.
Rf7 a5 35. Rb7 Kg4 36. Rb8 Kf5 37. Rb7 Kg4 1/2-1/2

[Event "6e festival d'échecs d'Allauch"]
[Site "Allauch, France"]
[Date "2024.08.28"]
[Round "4.5"]
[White "Siguret, William"]
[Black "Ghio, Maxime"]
[Result "1/2-1/2"]
[TimeControl "1 h 30 min (+30s/coup)"]
[WhiteElo "1671"]
[BlackElo "1641"]

1. Nf3 Nf6 2. g3 g6 3. Bg2 Bg7 4. O-O d5 5. d3 O-O 6. Nbd2 b6 7. e4 Bb7 8. Re1 dxe4 9. Ng5 Nc6 10.
Ngxe4 Re8 11. Nxf6+ exf6 12. Rxe8+ Qxe8 13. c3 Rd8 14. d4 Na5 15. Bxb7 Nxb7 16. Nc4 c5 17. Be3 cxd4 18. Bxd4 f5 19.
Qf3 Nd6 20. Nxd6 Rxd6 21. Bxg7 Kxg7 22. Rd1 Rxd1+ 23. Qxd1 Qe4 24. Qd4+ Qxd4 25. cxd4 Kf6 26. f4 Ke6 27. Kf2 Kd5 28.
Ke3 b5 29. Kd3 f6 30. b4 a6 31. h3 h6 32. h4 g5 33. h5 Kd6 34. Ke3 1/2-1/2

[Event "6e festival d'échecs d'Allauch"]
[Site "Allauch, France"]
[Date "2024.08.28"]
[Round "4.6"]
[White "Dorvaux-Valdieu, Teiva"]
[Black "Sembel Rudelle, Gael"]
[Result "0-1"]
[TimeControl "1 h 30 min (+30s/coup)"]
[WhiteElo "1679"]
[BlackElo "1624"]

1. d4 d5 2. Nf3 Nf6 3. e3 c5 4.
b3 Nc6 5. Bb2 cxd4 6. exd4 Bf5 7. Bd3 Bxd3 8. Qxd3 e6 9. a3 Be7 10. Nbd2 O-O 11. O-O Rc8 12. Ne5 Nxe5 13. dxe5 Nd7 14.
f4 Qb6+ 15. Bd4 Qc6 16. c3 Bc5 17. Rfc1 Bxd4+ 18. cxd4 Qb6 19. Rc3 Rc6 20. Rac1 Rfc8 21. b4 a5 22. Rxc6 Rxc6 23. Rxc6 bxc6 24. Qc3 axb4 25. Qxb4 Qxb4 26.
axb4 Nb8 27. Kf2 Na6 28. Ke2 Nxb4 29. Nb3 Kf8 30. Kd2 Na6 31. Kc3 Ke7 32. g4 g6 33. h4 Kd7 34. Nc5+ Nxc5 35.
dxc5 Kc7 36. Kb4 Kb7 37. Kc3 Ka6 38. Kb4 h6 39. g5 h5 40. Ka4 d4 0-1

[Event "6e festival d'échecs d'Allauch"]
[Site "Allauch, France"]
[Date "2024.08.28"]
[Round "4.7"]
[White "Arlot, Bastien"]
[Black "Madi, Chahinez"]
[Result "0-1"]
[TimeControl "1 h 30 min (+30s/coup)"]
[WhiteElo "1557"]
[BlackElo "1668"]

1. e4 c5 2. Nf3 d6 3. Bb5+ Nd7 4.
c3 a6 5.
Ba4 b5 6. Bc2 Bb7 7. d4 cxd4 8. cxd4 Ngf6 9.
Nbd2 g6 10. O-O Bg7 11. Re1 Nb6 12. e5 Nfd5 13. exd6 Qxd6 14. Ne4 Qc7 15. Nc5 O-O 16. Bb3 e6 17. Ne5 Rad8 18. Bg5 Rd6 19.
Rc1 Qb8 20. Bxd5 Rxd5 21. Bf4 Qa8 22. Qd2 Rfd8 23. Nb3 f6 24. Nf3 e5 25. Bh6 Nc4 26. Rxc4 bxc4 27. Bxg7 Kxg7 28. Na5 Qc8 29.
Qb4 R5d7 30. dxe5 Bxf3 31. exf6+ Kxf6 32. gxf3 Re8 33. Qb6+ Kf7 34. Rc1 Re6 35. Qb4 Rd5 36. Rxc4 Rg5+ 37.
Kf1 Qd7 38. Rf4+ Rf6 39. Qb3+ Kg7 40. Rb4 Qh3+ 41. Ke1 Re6+ 42. Kd2 Rxa5 43. Qc3+ Rae5 44. Qc7+ Re7 45. Qc3 Qf1 46. Re4 Qxf2+ 47. Re2 Qxe2+ 0-1

[Event "6e festival d'échecs d'Allauch"]
[Site "Allauch, France"]
[Date "2024.08.28"]
[Round "4.8"]
[White "Belaid, Noa"]
[Black "Greco-Roux, Hector"]
[Result "1/2-1/2"]
[TimeControl "1 h 30 min (+30s/coup)"]
[WhiteElo "1637"]
[BlackElo "1436"]

1. e4 d5 2. exd5 Qxd5 3. Nc3 Qa5 4. Nf3 Nf6 5. Bc4 e6 6. O-O Bd6 7. h3 c6 8. d3 Nbd7 9. Re1 Qc7 10.
Bb3 a5 11. a4 Bb4 12. Bd2 Nc5 13. Bc4 b6 14. d4 Ba6 15. Bxa6 Nxa6 16. Na2 Bd6 17. c4 Nb8 18. Bc3 Nbd7 19. Rc1 Qb7 20. Ne5 Bxe5 21.
dxe5 Ng8 22. Qg4 g6 23. Rcd1 Nc5 24. Rd6 1/2-1/2

[Event "6e festival d'échecs d'Allauch"]
[Site "Allauch, France"]
[Date "2024.08.28"]
[Round "5.1"]
[White "Degraeve, Remy"]
[Black "Degraeve, Jean-Marc"]
[Result "1/2-1/2"]
[TimeControl "1 h 30 min (+30s/coup)"]
[WhiteElo "2402"]
[BlackElo "2487"]

1. e4 e6 2. d4 d5 3. e5 c5 4. c3 Nc6 5. Nf3 Bd7 6. Be2 cxd4 7. cxd4 Nge7 8. Na3 Nf5 9. Nc2 Be7 10.
O-O O-O 11. Bd3 f6 12. Bxf5 exf5 13. Re1 fxe5 14. Nxe5 Nxe5 15. dxe5 Be6 16. Nd4 Qd7 17. f4 Bc5 18. Be3 Bxd4 19.
Bxd4 Rfc8 20. a4 Rc4 21. b3 Rc6 22. a5 a6 23. b4 Rc4 24. Qd2 Rac8 25. Bc5 d4 26. Rac1 Rxc1 27. Rxc1 Rd8 28.
h3 Qd5 29. Kh2 d3 30. Rc3 Qa2 31. Qxa2 Bxa2 32. Bd6 Bb1 33. Rc4 Kf7 34. Kg3 Bc2 35. Rd4 Ke6 36. Kf2 h6 37. Ke3 g5 38.
g3 gxf4+ 39. gxf4 Rd7 40. Kd2 h5 41. h4 Rg7 42. Kc3 Bb1 43. b5 axb5 44. Rb4 Bc2 45. Rxb5 Ba4 46. Rb6 Kd5 47.
Rb4 Bc6 48. Rc4 Rg1 49. Rd4+ Ke6 50. Rxd3 Rf1 51. Rd4 Re1 52. Rd3 Rf1 53. Rd4 Re1 54. Bb8 Bd5 55. Rb4 Bc6 56. Rb2 Re3+ 57.
Kb4 Bd5 58. Kc5 Rc3+ 59. Kd4 Rc4+ 60. Kd3 Ra4 61. Bc7 Ra3+ 62. Kd2 Ra2 63. Rxa2 Bxa2 64. Kc3 Kd7 65. Bd6 Be6 66. Kd4 Kc6 67.
Bc5 1/2-1/2

[Event "6e festival d'échecs d'Allauch"]
[Site "Allauch, France"]
[Date "2024.08.28"]
[Round "5.2"]
[White "Petrosyan, Armen"]
[Black "Philippe, Guillaume"]
[Result "0-1"]
[TimeControl "1 h 30 min (+30s/coup)"]
[WhiteElo "2344"]
[BlackElo "2356"]

1. e4 c5 2. Nf3 e6 3. d4 cxd4 4.
Nxd4 Nc6 5. Nc3 d6 6. Be3 Nf6 7. Bd3 Be7 8. O-O O-O 9. h3 a6 10. a4 Qc7 11. Nb3 b6 12. f4 Bb7 13. Qe2 Rfe8 14. Qf2 Nd7 15. f5 Nce5 16. Qg3 Kh8 17.
Rad1 Nc5 18. Nd4 Bf6 19. fxe6 fxe6 20. Nde2 Qe7 21. Nf4 Bh4 22. Qh2 Rac8 23. g3 Bf6 24. Nh5 Bg5 25. Qd2 Bxe3+ 26. Qxe3 Kg8 27. Be2 Rf8 28. h4 Rxf1+ 29. Rxf1 Rf8 30. Rxf8+ Kxf8 31. Qd4 Nc6 32. Qd2 Kg8 33. Qe3 g6 34.
Nf4 Qf6 35. Bc4 Kg7 36. Bxe6 Nxe6 37. Ncd5 Qe5 38. Nxe6+ Qxe6 39. Qxb6 Qd7 40. Nc7 Bc8 41. Nxa6 Ne5 42. Nb4 Qg4 43.
Qa7+ Bd7 44. Nd3 Qd1+ 45. Kg2 Qxc2+ 46. Nf2 Qxa4 47. Qb6 Qc6 48. Qd8 Be6 49. Qe7+ Bf7 50. g4 Qd7 51. Qg5 Be6 52.
Kg3 Qb7 53. Kg2 Bxg4 0-1

[Event "6e festival d'échecs d'Allauch"]
[Site "Allauch, France"]
[Date "2024.08.28"]
[Round "5.3"]
[White "Ben Amar, Yanis"]
[Black "Derige Kane, Yan"]
[Result "0-1"]
[TimeControl "1 h 30 min (+30s/coup)"]
[WhiteElo "1980"]
[BlackElo "2141"]

1. e4 c5 2. Nf3 e6 3. d4 cxd4 4.
Nxd4 Nf6 5. Nc3 Nc6 6. Be3 Bb4 7. f3 d5 8. Nxc6 bxc6 9. Qd3 O-O 10. O-O-O a5 11. a3 Be7 12. Qd2 Qc7 13. g4 Rd8 14. Qf2 Rb8 15. Be2 Nd7 16. h4 Bf6 17.
Na4 Qb7 18. b3 Be7 19. Kb2 Qc7 20. g5 Qe5+ 21. Bd4 Qd6 22. Ra1 c5 23. Be3 Qc6 24. exd5 exd5 25. Ka2 c4 26. Bd1 Qd6 27.
Kb1 Ba6 28. Nb2 Rdc8 29. Qh2 Qc6 30. Re1 Nc5 31. Bxc5 Bxc5 32. h5 Bd4 33. Re7 cxb3 34. cxb3 Qc1+ 35. Ka2 Qxg5 36. Re1 Qf6 37.
Rb1 Bc3 38. Re3 d4 39. Re4 d3 40. Nc4 Bxc4 41. Rxc4 Qd8 42. Rc1 Rxc4 43. bxc4 Rb2+ 44. Qxb2 Bxb2 45. Kxb2 Qd4+ 46. Kb3 Qe3 47.
Kb2 Qd4+ 48. Rc3 Qf2+ 49. Kc1 Qa2 50. Bb3 d2+ 51. Kd1 Qb2 52. Rd3 Qc1+ 53. Ke2 0-1

[Event "6e festival d'échecs d'Allauch"]
[Site "Allauch, France"]
[Date "2024.08.28"]
[Round "5.4"]
[White "Madi, Mohammed"]
[Black "Chaumet, Etienne"]
[Result "1/2-1/2"]
[TimeControl "1 h 30 min (+30s/coup)"]
[WhiteElo "1922"]
[BlackElo "2077"]

1. e4 c5 2. Nf3 d6 3. d4 cxd4 4.
Nxd4 Nf6 5. Nc3 a6 6. f3 e5 7. Nb3 Be6 8. Be3 Be7 9. Qd2 O-O 10. O-O-O Nbd7 11. g4 b5 12. g5 b4 13.
Ne2 Nh5 14. Ng3 a5 15. Nf5 a4 16. Nxe7+ Qxe7 17. Na1 d5 18. exd5 Bf5 19. Bd3 Bxd3 20. Qxd3 Qd6 21. Kb1 Rfc8 22.
a3 Rab8 23. Ka2 Nb6 24. Bxb6 Rxb6 25. axb4 Qxb4 26. Qa3 Qc4+ 27. Kb1 Nf4 28. d6 Rd8 29. Rhe1 Nd5 30. Rd2 Nb4 31. Red1 Rbxd6 32. Rxd6 Rxd6 33. Rc1 Qb5 34. c4 Qa5 35. Nb3 Qd8 36. Qxb4 axb3 37. Qxb3 Rd3 38. Qb5 Qc8 39. c5 Rd5 40.
Qb6 Rd7 41. c6 Rc7 42. Rd1 g6 43. b4 Rxc6 44. Rd8+ Kg7 45. Rxc8 Rxb6 46. Rc4 f6 47. h4 h6 48. Kc2 fxg5 49.
hxg5 hxg5 50. Kb3 Rf6 51. Rc3 e4 52. fxe4 g4 53. b5 Rf3 54. b6 Rxc3+ 55. Kxc3 g3 56. b7 g2 57. b8=Q 1/2-1/2

[Event "6e festival d'échecs d'Allauch"]
[Site "Allauch, France"]
[Date "2024.08.28"]
[Round "5.5"]
[White "Sembel Rudelle, Gael"]
[Black "Siguret, William"]
[Result "1-0"]
[TimeControl "1 h 30 min (+30s/coup)"]
[WhiteElo "1624"]
[BlackElo "1671"]

1. e4 d5 2. exd5 Qxd5 3. Nc3 Qd6 4. d4 Nf6 5. Nf3 c6 6. Bc4 Bg4 7. Be3 e6 8. h3 Bh5 9. g4 Bg6 10.
Ne5 Nbd7 11. Nxg6 hxg6 12. g5 Nd5 13. Nxd5 exd5 14. Bd3 Qe6 15. Qf3 Be7 16. O-O-O O-O-O 17. Rde1 f5 18. Bf4 Qf7 19. c3 a5 20.
Qd1 c5 21. Qa4 Rh4 22. Qc6+ bxc6 23. Ba6# 1-0

[Event "6e festival d'échecs d'Allauch"]
[Site "Allauch, France"]
[Date "2024.08.28"]
[Round "5.6"]
[White "Madi, Chahinez"]
[Black "Ghio, Maxime"]
[Result "1-0"]
[TimeControl "1 h 30 min (+30s/coup)"]
[WhiteElo "1668"]
[BlackElo "1641"]

1. e4 c5 2. Nf3 Nc6 3. d4 cxd4 4.
Nxd4 g6 5. Nc3 Bg7 6. Nf3 Nf6 7. Bc4 d6 8. O-O O-O 9. h3 Bd7 10. a4 Na5 11. Ba2 b6 12. Re1 Qe8 13. Bg5 Nc6 14.
Bxf6 Bxf6 15. Nd5 Bxb2 16. Rb1 Bg7 17. Nc7 Qb8 18. Nxa8 Qxa8 19. e5 Qb8 20. Bxf7+ Rxf7 21. e6 Rxf3 22.
exd7 Rf7 23. Qd5 Qc7 24. Qxc6 Qd8 25. Qc8 Rf8 26. Qxd8 Rxd8 27. Rxe7 Kf8 28. Rbe1 Be5 29. Rxh7 Rb8 30.
Rxe5 1-0

[Event "6e festival d'échecs d'Allauch"]
[Site "Allauch, France"]
[Date "2024.08.28"]
[Round "5.7"]
[White "Kemmo, Jules"]
[Black "Anton, Christophe"]
[Result "0-1"]
[TimeControl "1 h 30 min (+30s/coup)"]
[WhiteElo "1547"]
[BlackElo "1697"]

1. e4 c5 2. Nc3 d6 3. f4 Nf6 4. Bc4 Nc6 5. d3 Bg4 6. Nge2 g6 7. O-O Bg7 8. Qe1 O-O 9. h3 Bxe2 10.
Nxe2 Nb4 11. Qd1 a6 12.
c3 Nc6 13. f5 b5 14. Bb3 Qb6 15. Kh1 Nd7 16. fxg6 hxg6 17. Nf4 Nde5 18. Nd5 Qd8 19. Bg5 c4 20. dxc4 Nxc4 21. Qc1 f6 22.
Bh6 N6e5 23. Bxg7 Kxg7 24. Bc2 Rh8 25. Nf4 Qd7 26. b3 Nb6 27. Qe3 g5 28. Nd5 Nxd5 29. exd5 Rh4 30. Bf5 Qc7 31. Rac1 Rah8 32. Kg1 g4 33. Rf4 Qc5 34. Qxc5 dxc5 35.
Bxg4 Nd3 36. Re4 Nxc1 37. Rxe7+ Kg6 38. d6 Rxg4 39. hxg4 Rd8 40. d7 Nxa2 41. Kf2 Nxc3 42. Re3 Nd1+ 0-1

[Event "6e festival d'échecs d'Allauch"]
[Site "Allauch, France"]
[Date "2024.08.28"]
[Round "5.8"]
[White "Menager, Stephane"]
[Black "Bosseau Cassan, Romeo"]
[Result "1-0"]
[TimeControl "1 h 30 min (+30s/coup)"]
[WhiteElo "1660"]
[BlackElo "1514"]

1. d4 d5 2. c4 e6 3. a3 a5 4. Nc3 Nf6 5. Nf3 Nc6 6. Bg5 h6 7. Bh4 g5 8. Bg3 Bd6 9. c5 Bxg3 10.
hxg3 Bd7 11. Nxg5 Ng4 12. Nf3 Qe7 13. Nh2 Nf6 14. e3 e5 15. Nf3 exd4 16. Nxd4 Qxc5 17. Qf3 Qe7 18. Nxd5 Nxd5 19.
Qxd5 Nd8 20. Rc1 c6 21. Qc5 Qe4 22.
Rh4 Qg6 23. Qe5+ 1-0

[Event "6e festival d'échecs d'Allauch"]
[Site "Allauch, France"]
[Date "2024.08.29"]
[Round "6.1"]
[White "Degraeve, Jean-Marc"]
[Black "Philippe, Guillaume"]
[Result "0-1"]
[TimeControl "1 h 30 min (+30s/coup)"]
[WhiteElo "2487"]
[BlackElo "2356"]

1. e4 c5 2. Nf3 e6 3. c3 Nf6 4. e5 Nd5 5. a3 d6 6. d4 cxd4 7. c4 Nc7 8. Qxd4 Nc6 9. Qe4 dxe5 10.
Nxe5 Qd4 11. Qxd4 Nxd4 12. Kd1 f6 13. Nf3 Nxf3 14. gxf3 b6 15. Bd3 Bb7 16. Ke2 O-O-O 17. Rd1 Bd6 18.
h3 Kb8 19. Nc3 Be5 20. Ne4 f5 21. Ng5 Rd7 22. Bc2 Rxd1 23. Bxd1 Bf6 24. Rb1 Ba6 25. b3 h6 26. Nf7 Rf8 27.
Nd6 Be5 28. Nb5 Nxb5 29. cxb5 Bxb5+ 30. Ke3 Rd8 0-1

[Event "6e festival d'échecs d'Allauch"]
[Site "Allauch, France"]
[Date "2024.08.29"]
[Round "6.2"]
[White "Derige Kane, Yan"]
[Black "Degraeve, Remy"]
[Result "0-1"]
[TimeControl "1 h 30 min (+30s/coup)"]
[WhiteElo "2141"]
[BlackElo "2402"]

1. e4 e5 2. Nf3 Nc6 3. Bb5 a6 4. Ba4 Nf6 5. d3 d6 6. c3 g6 7. O-O Bg7 8. h3 O-O 9. Re1 Bd7 10.
Nbd2 Qe8 11. Nf1 Kh8 12. a3 Ng8 13. Bc2 f5 14. d4 f4 15. d5 Nd8 16. c4 g5 17. N3h2 Qg6 18. Bd3 Nf6 19.
f3 h5 20. Be2 Rg8 21. b4 Bf8 22. Ra2 Nf7 23. Bd2 Nh6 24. Bc3 Re8 25. b5 Re7 26. bxa6 bxa6 27. Ba5 g4 28. hxg4 hxg4 29.
fxg4 Nhxg4 30. Nxg4 Nxg4 31. Bxg4 Bxg4 32. Qd3 Rh7 33. Nh2 Qh5 34. Nxg4 Rxg4 0-1

[Event "6e festival d'échecs d'Allauch"]
[Site "Allauch, France"]
[Date "2024.08.29"]
[Round "6.3"]
[White "Charvein, Gabriel"]
[Black "Bedhouche, Rayan"]
[Result "1-0"]
[TimeControl "1 h 30 min (+30s/coup)"]
[WhiteElo "2011"]
[BlackElo "2009"]

1. e4 e5 2. Nf3 Nc6 3. d4 exd4 4. Nxd4 Nf6 5. Nxc6 bxc6 6. e5 Qe7 7. Qe2 Nd5 8. h4 Qe6 9. Nd2 a5 10.
g3 Nb4 11. Nf3 Ba6 12. c4 Qg6 13. h5 Qc2 14. Nd4 Qxe2+ 15. Bxe2 c5 16. Nb5 Bxb5 17. cxb5 Nc2+ 18. Kd1 Nxa1 19.
Be3 Be7 20. Kd2 f6 21. e6 d5 22. h6 g5 23. f4 d4 24. Bf2 gxf4 25. gxf4 Rg8 26. Bf3 O-O-O 27. Rxa1 f5 28. b4 cxb4 29.
Rc1 Bd6 30. Rc6 Bxf4+ 31. Kd3 Rd6 32. Ra6 Rxa6 33. bxa6 c6 34. Bxc6 Kc7 35. Bd5 Kb6 36. Bc4 Be3 37. e7 Rc8 38.
Bh4 Bxh6 39. Bf6 Be3 40. Be6 Re8 41. Bxf5 h6 42. Bd7 Rxe7 43. Bxe7 Kxa6 44. Kc4 h5 45. Bd8 Bf2 46. Bc8+ Ka7 47.
Bxa5 h4 48. Bxb4 Kb8 49. Bh3 Kb7 50. Bc5 Ka6 51. Bxd4 Bg3 52. Bc8+ Ka5 53. Bd7 Ka6 54. Bc3 Bf2 55. Kd3 Kb7 56.
Ke2 Kc7 57. Bf5 Bg3 58. Be1 Bd6 59. Bxh4 Kc6 60. Bd3 Ba3 61. Kd2 Bb4+ 62. Kc2 Ba5 63. Bf6 Bb6 64. Kb3 Ba7 65. Kc4 1-0

[Event "6e festival d'échecs d'Allauch"]
[Site "Allauch, France"]
[Date "2024.08.29"]
[Round "6.4"]
[White "Durand-Benmoussa, Roman"]
[Black "Madi, Mohammed"]
[Result "1-0"]
[TimeControl "1 h 30 min (+30s/coup)"]
[WhiteElo "2109"]
[BlackElo "1922"]

1. d4 Nf6 2. c4 g6 3. Nc3 Bg7 4. e4 d6 5. Nge2 O-O 6. Ng3 e5 7. d5 Nbd7 8. Be2 a5 9. h4 h5 10.
Bg5 Re8 11. Qd2 Nf8 12. f3 N8h7 13. Be3 Qe7 14. O-O-O Rd8 15. Kb1 Nd7 16. Na4 Rf8 17. Rdg1 Qe8 18. Bd3 Nb8 19. Qc2 Na6 20.
Qd1 f5 21. exf5 gxf5 22. f4 Nf6 23. Re1 Ng4 24. Rhf1 e4 25. Bc2 Nb4 26. Nc3 Bd7 27. Bg1 b5 28. Nxb5 Bxb5 29. cxb5 Nxc2 30.
Qxc2 Qxb5 31. Nxh5 Bh8 32. Re2 Qxd5 33. Rc1 Rab8 34. Ng3 Bxb2 35. Rd1 Be5+ 36. Kc1 Bxf4+ 37. Be3 Bxe3+ 38. Rxe3 Nxe3 39. Rxd5 Nxc2 40. Kxc2 Rbe8 41.
Nxf5 e3 42. Kd1 e2+ 43. Ke1 c6 44. Rxa5 d5 45. g4 d4 46. Ra7 d3 47. Rd7 Rd8 48. Nh6+ Kh8 49. Rxd8 Rxd8 50. Nf7+ Kg8 51. Nxd8 c5 52. Ne6 c4 53.
Nf4 Kf7 54. Nxe2 1-0

[Event "6e festival d'échecs d'Allauch"]
[Site "Allauch, France"]
[Date "2024.08.29"]
[Round "6.5"]
[White "Madi, Chahinez"]
[Black "Sembel Rudelle, Gael"]
[Result "1/2-1/2"]
[TimeControl "1 h 30 min (+30s/coup)"]
[WhiteElo "1668"]
[BlackElo "1624"]

1. e4 c5 2. Nf3 Nc6 3. d4 cxd4 4. Nxd4 g6 5. Nc3 Bg7 6. Be3 Nf6 7. Be2 O-O 8. O-O d5 9. exd5 Nxd5 10.
Nxd5 Nxd4 11. Bxd4 Qxd5 12. Bxg7 Qxd1 13. Rfxd1 Kxg7 14. Bb5 Bf5 15. c3 Rfd8 16. Ba4 e5 17. Rxd8 Rxd8 18. Rd1 Rxd1+ 19. Bxd1 Bd3 20. f3 f5 21. Kf2 Kf6 22. a4 Ke6 23. b4 Kd5 24. Ke3 Kc4 25. Kd2 g5 26. a5 b6 27. axb6 axb6 28.
Ba4 Bf1 29. Bd7 Kb3 30. Bxf5 Bxg2 31. Bxh7 Bxf3 32. Bc2+ Kb2 33. c4 Ka3 34. Ke3 g4 35. c5 bxc5 36. bxc5 Kb4 37. Be4 Kxc5 38.
Bxf3 Kd6 39. Bxg4 Ke7 40. h4 Kf6 41. h5 Kg7 42. Ke4 Kh8 43. Kxe5 Kh7 44. Bf5+ Kh8 45. Kf6 Kg8 46. Kg6 Kh8 47.
h6 Kg8 48. h7+ Kh8 49. Kh5 Kg7 1/2-1/2

[Event "6e festival d'échecs d'Allauch"]
[Site "Allauch, France"]
[Date "2024.08.29"]
[Round "6.6"]
[White "Anton, Christophe"]
[Black "Belaid, Noa"]
[Result "1-0"]
[TimeControl "1 h 30 min (+30s/coup)"]
[WhiteElo "1697"]
[BlackElo "1637"]

1. e4 e5 2. Nf3 Nc6 3. d4 exd4 4. Nxd4 Nf6 5. Nc3 Bb4 6. Nxc6 bxc6 7. Bd3 d5 8. exd5 cxd5 9. O-O O-O 10.
h3 c5 11. Bg5 Bxc3 12. bxc3 Qd6 13. Bxf6 gxf6 14. Qh5 f5 15. Bxf5 Bxf5 16. Qxf5 Qe6 17. Qg5+ Kh8 18. Rfe1 Qd6 19.
Qe5+ Qxe5 20. Rxe5 Rfd8 21. Rb1 d4 22. Rxc5 dxc3 23. Rxc3 Rd2 24. Rb7 1-0

[Event "6e festival d'échecs d'Allauch"]
[Site "Allauch, France"]
[Date "2024.08.29"]
[Round "6.7"]
[White "Sembel Rudelle, Nina"]
[Black "Menager, Stephane"]
[Result "0-1"]
[TimeControl "1 h 30 min (+30s/coup)"]
[WhiteElo "1434"]
[BlackElo "1660"]

1. e4 e5 2. Nf3 Nf6 3. Nc3 Nc6 4. d4 exd4 5. Nxd4 Bb4 6. Nxc6 bxc6 7. Bd3 O-O 8. O-O Bxc3 9. bxc3 h6 10.
Bf4 d6 11. e5 Nd5 12. Bg3 Nxc3 13. Qd2 Nd5 14. Be4 dxe5 15. Bxd5 Qxd5 16. Qxd5 cxd5 17. Bxe5 c6 18. Rfe1 Bf5 19.
c3 Rfe8 20. Bd4 a6 21. g3 Rab8 22. Rab1 Rxb1 23. Rxb1 Bxb1 24. a3 Re2 25. Kf1 Bd3 26. Kg2 Bc4 27. Kf3 Rb2 28. Be5 Rb3 29.
Ke3 Rxa3 30. Kd4 Ra2 31. f4 Rxh2 32. Kc5 Bb5 33. Bd4 a5 34. Kb6 a4 35. Bc5 Rc2 36. Bb4 a3 37. Bxa3 Rxc3 38.
Bb4 Rxg3 39. Kc5 h5 40. Be1 h4 41. Bxg3 hxg3 42. Kb6 g2 43. Kb7 g1=Q 44. f5 Qa1 45. Kc7 c5 46. Kd6 d4 47.
Kxc5 d3 48. Kxb5 Qc1 49. Kb6 d2 50. Ka5 Qb2 51. Ka6 d1=Q 52. Ka5 Qda1# 0-1

[Event "6e festival d'échecs d'Allauch"]
[Site "Allauch, France"]
[Date "2024.08.29"]
[Round "6.8"]
[White "Ghio, Maxime"]
[Black "Caruncho, Alfonso"]
[Result "1/2-1/2"]
[TimeControl "1 h 30 min (+30s/coup)"]
[WhiteElo "1641"]
[BlackElo "1600"]

1. d4 Nf6 2. c4 d6 3. Nf3 g6 4. Nc3 Nbd7 5. e4 e5 6. dxe5 dxe5 7. Bg5 Bg7 8. Qd2 O-O 9. Rd1 Qe8 10. Be2 c6 11. Qd6 h6 12. Bh4 g5 13. Nxg5 hxg5 14.
Bxg5 Qe6 15. Qxe6 fxe6 16. b4 Rf7 17.
h4 Nh7 18. Be3 Ndf8 19. g4 Rd7 20. Rc1 Ng6 21. c5 Nf4 22. Bc4 Nd3+ 23. Bxd3 Rxd3 24. Ke2 Rd7 25. g5 Re7 26. f3 Bd7 27.
Nd1 Rf8 28. Nf2 Be8 29. Ng4 Bh5 30. Rcd1 1/2-1/2

[Event "6e festival d'échecs d'Allauch"]
[Site "Allauch, France"]
[Date "2024.08.29"]
[Round "7.1"]
[White "Philippe, Guillaume"]
[Black "Charvein, Gabriel"]
[Result "1/2-1/2"]
[TimeControl "1 h 30 min (+30s/coup)"]
[WhiteElo "2356"]
[BlackElo "2011"]

1. f4 d5 2. Nf3 Bg4 3. e3 Nd7 4. Be2 c6 5. O-O Bxf3 6. Bxf3 e6 7. d3 Ngf6 8. Nc3 Qc7 9. Rb1 Bd6 10.
g3 h5 11. e4 dxe4 12. dxe4 e5 13. f5 Bc5+ 14. Kg2 O-O-O 15. Qe2 Bd4 16. Nd1 g6 17. fxg6 fxg6 18. c3 Bb6 19. Nf2 Rdg8 20.
h4 Bxf2 21. Qxf2 b6 22. Be3 Kb7 23.
Rbd1 Nf8 24. Qd2 N8h7 25. Qd6 Rd8 26.
Qxc7+ Kxc7 27. Rxd8 Rxd8 28. Be2 Rd7 29. Rd1 Nf8 30. Rxd7+ N8xd7 31. Bc4 Kd6 32. Bf7 Nf8 33. Kf3 Ke7 34.
Bb3 Ne6 35. a4 Nd7 36. Bc2 Kf6 37. Ke2 Ke7 38. b4 Kd6 39. Bd3 Nf6 40. Kf3 Nd7 41. Bc4 Ke7 42. Ba6 Kd8 43. a5 Kc7 44.
Bc4 Kd6 45. Ke2 Ke7 46. Kf3 Kd6 47. Bf1 Ke7 48. Bh3 Kd6 49. g4 hxg4+ 50. Bxg4 Ke7 51. Bxe6 Kxe6 52. a6 Nb8 53. Bxb6 Nxa6 54.
Bxa7 Nc7 55. c4 Kf6 56. Be3 Ne6 57. b5 cxb5 58. cxb5 Ke7 59. Ke2 Kd6 60. b6 Kc6 61. Kd3 Nd8 62.
Bf2 Nb7 63. Ke2 Nd6 64. Kf3 Nc4 65. Kg4 Nd2 66. Bg3 Nxe4 67. Bxe5 Kxb6 68. Kf4 g5+ 1/2-1/2

[Event "6e festival d'échecs d'Allauch"]
[Site "Allauch, France"]
[Date "2024.08.29"]
[Round "7.2"]
[White "Degraeve, Remy"]
[Black "Fournier, Loic"]
[Result "1-0"]
[TimeControl "1 h 30 min (+30s/coup)"]
[WhiteElo "2402"]
[BlackElo "2098"]

1. e4 c5 2. Nf3 Nc6 3. Bb5 g6 4. Bxc6 dxc6 5. d3 Bg7 6. h3 e5 7. O-O Qe7 8. a4 a5 9. Na3 b6 10.
Nc4 Qc7 11. Be3 Ba6 12. Nfd2 Nf6 13. b4 Bxc4 14. Nxc4 b5 15. axb5 cxb5 16. Rxa5 Rxa5 17. Nxa5 cxb4 18. Nb3 O-O 19.
Bc5 Rc8 20. Qd2 Bf8 21. Bxf8 Rxf8 22. Qxb4 Qxc2 23. Qxb5 Rd8 24. Nc5 Nh5 25. Nd7 Qc7 26. Nc5 Nf4 27. Rb1 Rc8 28. Na4 Qc2 29.
Rb2 Qd1+ 30. Kh2 Qf1 31. f3 h5 32. Nc5 Ne2 33. Rb1 Qf2 34. Nd7 Qg3+ 35. Kh1 Qf4 36. Qb2 Ng3+ 37. Kg1 h4 38.
Re1 Re8 39. d4 exd4 40. Qxd4 Rc8 41. Nf6+ Kf8 42. Nd5 Qc1 43. Qh8# Qg5 44. Qd4 Ne2+ 45. Rxe2 Rc1+ 46. Kf2 Qg3+ 47. Ke3 Qg5+ 48. Kf2 Qf4 49. Kg1 Rc8 50. Re1 1-0

[Event "6e festival d'échecs d'Allauch"]
[Site "Allauch, France"]
[Date "2024.08.29"]
[Round "7.3"]
[White "Charlier, Antoine"]
[Black "Degraeve, Jean-Marc"]
[Result "0-1"]
[TimeControl "1 h 30 min (+30s/coup)"]
[WhiteElo "2070"]
[BlackElo "2487"]

1. d4 Nf6 2. c4 g6 3. h4 c5 4. d5 b5 5. cxb5 a6 6. bxa6 d6 7. Nc3 Bxa6 8. e4 Bxf1 9. Kxf1 Bg7 10.
Nge2 Nbd7 11. Bf4 Qa5 12. f3 O-O 13. Qd2 Rfb8 14. g4 h5 15. Bh6 hxg4 16. Ng3 Bxh6 17. Qxh6 Rxb2 18. Rc1 Qa6+ 19.
Kg1 Ne5 0-1

[Event "6e festival d'échecs d'Allauch"]
[Site "Allauch, France"]
[Date "2024.08.29"]
[Round "7.4"]
[White "Derige Kane, Yan"]
[Black "Durand-Benmoussa, Roman"]
[Result "0-1"]
[TimeControl "1 h 30 min (+30s/coup)"]
[WhiteElo "2141"]
[BlackElo "2109"]

1. d4 d5 2. c4 e6 3. Nc3 c5 4. e3 Nf6 5. Nf3 a6 6. cxd5 exd5 7. dxc5 Bxc5 8. Be2 O-O 9. O-O Nc6 10.
a3 Ba7 11. b4 Re8 12. Bb2 Qd6 13. b5 Ne5 14. Qd2 Neg4 15. Kh1 Bf5 16. g3 Rad8 17. Nd4 Bc8 18. bxa6 bxa6 19. Rad1 h5 20.
Qc2 Bb8 21. Bf3 g6 22. Nce2 h4 23. Nc6 hxg3 24. Nxg3 Bf5 25. Qc3 Rc8 26. Bxd5 Qf8 27. Nxf5 gxf5 28. h3 Qh6 29. Bg2 Ne4 30.
Ne7+ Kh7 31. Nxf5 Nxc3 32. Nxh6 Nxf2+ 33. Rxf2 Nxd1 34. Rxf7+ Kxh6 0-1